Map: Beckett Industries LE

Players

Player 2

  • Race: Terran Terran

TheAbbott - Winner!

  • Race: Terran Terran
  • League: Bronze

VOD

Have the link to the VOD?

Description

Time

  • Played on: July 24, 2021, 12:40 p.m.
  • Length: 11:03
Show
View Real Time Build Order
Export as new Build Order

Player 2 Terran 

Build Orders: Reaper Expand 

Get SALT Encoding   

  12  0:00  SCV  
  13  0:13  SCV  
  14  0:18  Supply Depot  
  14  0:42  Barracks  
  14  1:03  Command Center  
  14  1:30  Supply Depot, Orbital Command  
  14  1:32  Marine  
  15  1:39  Refinery  
  15  1:50  Refinery  
  15  1:56  SCV  
  16  2:08  SCV  
  18  2:15  SCV  
  18  2:18  Reaper  
  20  2:22  SCV  
  21  2:30  SCV  
  22  2:37  SCV  
  23  2:44  SCV  
  23  2:49  Refinery  
  24  2:51  SCV  
  25  2:58  SCV  
  26  3:05  SCV  
  26  3:06  Marine  
  28  3:12  SCV  
  29  3:20  SCV, Factory  
  29  3:42  Refinery  
  29  3:44  SCV  
  30  3:51  SCV  
  30  3:54  Supply Depot  
  30  3:55  Barracks Tech Lab  
  31  3:58  SCV  
  32  4:06  SCV  
  32  4:07  Starport  
  33  4:13  SCV, Marine  
  35  4:20  SCV  
  36  4:27  SCV  
  36  4:29  Supply Depot  
  37  4:34  SCV  
  38  4:41  SCV  
  38  4:43  Viking  
  40  4:49  SCV  
  31  4:56  SCV  
  25  5:03  SCV  
  21  5:10  SCV  
  21  5:12  Hellion  
  21  5:13  Starport Tech Lab  
  23  5:17  SCV  
  22  5:25  SCV  
  20  5:37  SCV  
  20  5:39  Starport  
  20  5:41  Hellion  
  22  5:44  SCV  
  17  5:55  SCV  
  12  6:03  SCV  
  9  6:07  Supply Depot  
  9  6:15  SCV  
  7  6:27  SCV  
  8  6:32  Barracks  
  8  6:35  Barracks  
  7  7:11  SCV  
  8  7:22  Marine  
  8  7:23  SCV  
  8  7:28  Factory  
  10  7:35  SCV  
  11  7:42  Barracks Tech Lab  
  11  7:47  SCV  
  9  7:59  SCV  
  1  8:27  Barracks Tech Lab  
Show
View Real Time Build Order
Export as new Build Order

TheAbbott Terran - Winner!

Build Orders: 1/1/1 

Get SALT Encoding   

  12  0:00  SCV  
  13  0:12  SCV  
  14  0:17  Supply Depot  
  14  0:24  SCV  
  15  0:39  SCV  
  15  0:40  Barracks  
  16  0:44  Refinery  
  16  0:51  SCV  
  16  0:53  Refinery  
  17  1:03  SCV  
  18  1:15  SCV  
  19  1:29  Marine  
  20  1:33  Factory  
  20  1:34  Orbital Command  
  20  1:46  Supply Depot  
  20  1:47  Marine  
  21  1:59  SCV  
  22  2:04  Marine  
  23  2:12  SCV  
  24  2:18  Starport  
  24  2:21  Factory Tech Lab  
  24  2:22  Marine  
  24  2:24  SCV  
  26  2:34  Supply Depot  
  26  2:36  SCV  
  27  2:40  Marine  
  27  2:42  Siege Tank  
  31  2:55  Medivac  
  31  2:58  Marine  
  34  3:04  Supply Depot  
  34  3:14  Siege Tank  
  34  3:16  Marine  
  38  3:25  Medivac  
  40  3:33  Marine  
  41  3:45  Command Center  
  41  4:15  Factory Reactor, Starport Reactor  
  41  4:19  Barracks  
  41  4:23  Stimpack  
  41  4:25  Engineering Bay  
  41  4:32  Barracks  
  41  4:38  Marine  
  42  6:08  SCV  
  43  6:12  Marine x3  
  43  6:14  Combat Shield, Marine x2  
  43  6:16  Factory Tech Lab, Starport Reactor  
  48  6:20  SCV  
  48  6:23  Terran Infantry Weapons Level 1  
  48  6:24  Supply Depot  
  48  6:25  Supply Depot  
  49  6:27  Supply Depot  
  49  6:29  Orbital Command  
  49  6:32  SCV  
  50  6:37  Command Center  
  50  6:40  Marine x4  
  50  6:41  Marine  
  55  7:01  SCV  
  55  7:02  SCV  
  61  7:14  SCV x2  
  59  7:16  Marine x5  
  64  7:28  SCV x2  
  66  7:40  SCV x2  
  68  8:11  Marine x4  
  68  8:12  Marine  
  73  8:15  Siege Tank, Medivac x2  
  73  8:18  Terran Infantry Armor Level 1  
  73  8:19  Orbital Command  
  80  8:27  Refinery  
  80  8:28  Refinery  
  80  8:29  Engineering Bay, Marine x5  
  80  8:32  SCV x2, Armory  
  87  8:41  Supply Depot  
  87  8:42  Supply Depot  
  87  8:44  SCV x2, Supply Depot  
  87  8:45  Supply Depot  
  87  8:46  Supply Depot  
  87  8:47  Supply Depot, Marine x4  
  93  8:48  Orbital Command  
  93  8:56  SCV x2  
  93  8:57  Barracks  
  93  8:59  Factory  
  93  9:00  Barracks  
  95  9:03  Marine  
  95  9:04  Marine  
  95  9:05  Siege Tank, Marine x2  
  95  9:06  Viking  
  104  9:29  SCV x3  
  107  9:33  Marine x4  
  107  9:34  Marine  
  112  9:41  SCV x3  
  112  9:44  Factory Tech Lab  
  115  9:45  Barracks Reactor  
  115  9:47  Barracks Reactor  
  115  9:51  Marine  
  116  9:56  SCV x3  
  116  9:58  Refinery  
  119  10:00  Refinery  
  119  10:05  Marine  
  119  10:06  Marine x3  
  123  10:07  Siege Tank x2  
  123  10:08  SCV x3  
  123  10:09  Viking, Marine  
  135  10:20  SCV x3  
  138  10:23  Marine  
  138  10:24  Marine  
Tags
 
Add a new tag
Caveats
  • Supply blocks, unpowered buildings, or Contaminate may cause inaccurate times.
  • Supply counts are checked every 10 seconds.